Cogmind - Beta 9.5 @@@ ROGUE MODE // 2020.04.13 @ 18:35:17 Player: OccultOnion Result: Destroyed by G-34 Mercenary with Small Laser Performance ------------- Evolutions (0) 0 Regions Visited (1) 200 Robots Destroyed (8) 40 Value Destroyed (199) 199 Prototype IDs (0) 0 Alien Tech Used (0) 0 Bonus (0) 0 TOTAL SCORE: 439 Bonus ------- None Cogmind --------- Core Integrity 0/250 Matter 290/300 Energy 125/125 System Corruption 0% Temperature Cool (6) Movement Hovering (130) Ox1 Location -10/Materials Parts ------- > --- POWER (1) -------- Light Ion Engine > --- PROPULSION (2) --- Aluminum Leg Hover Unit > --- UTILITY (2) ------ Small Storage Unit > --- WEAPON (2) ------- (None) > --- INVENTORY (6) ---- Light Treads Wheel Compact Wheel Peak State ------------ > --- POWER ------------ Light Ion Engine > --- PROPULSION ------- Aluminum Leg Aluminum Leg > --- UTILITY ---------- Small Storage Unit > --- WEAPON ----------- Small Laser Particle Gun > --- INVENTORY -------- Light Ion Engine Light Treads Aluminum Leg Wheel Compact Wheel [Rating: 7] Favorites ----------- Power Light Ion Engine Engine Light Ion Engine Propulsion Aluminum Leg Leg Aluminum Leg Hover Unit Hover Unit Utility Small Storage Unit Storage Small Storage Unit Weapon EM Pulse Gun Energy Gun EM Pulse Gun Ballistic Gun Light Assault Rifle Build | -11 -10 ------- Run | Scr Mat Slots Evolved . | . . Power . | . . Propulsion . | . . Utility . | . . Weapon . | . . Parts Attached 13 | 6 7 Power 3 | 1 2 Engine 3 | 1 2 Core . | . . Reactor . | . . Propulsion 5 | 2 3 Treads . | . . Leg 4 | 2 2 Wheel . | . . Hover 1 | . 1 Flight . | . . Utility 1 | 1 . Device . | . . Storage 1 | 1 . Processor . | . . Hackware . | . . Protection . | . . Artifact . | . . Weapon 4 | 2 2 Energy Gun 3 | 1 2 Energy Cannon . | . . Ballistic Gun 1 | 1 . Ballistic Cannon . | . . Launcher . | . . Special Weapon . | . . Impact Weapon . | . . Slashing Weapon . | . . Piercing Weapon . | . . Special Melee Weapon . | . . Unidentified Prototypes . | . . Parts Lost 9 | . 9 Power 2 | . 2 Propulsion 3 | . 3 Utility . | . . Weapon 4 | . 4 Highest Loss Streak 9 | . 9 Average Slot Usage (%) 70 | . 70 Engine 12 | . 12 Leg 24 | . 24 Hover 1 | . 1 Storage 14 | . 14 Energy Gun 11 | . 11 Ballistic Gun 6 | . 6 Naked Turns . | . . Heaviest Build 10 | 10 10 Greatest Support 20 | 20 20 Greatest Overweight (x) 2 | 2 1 Average Overweight (x) . | . . Largest Inventory Capacity 6 | 6 6 Average Capacity 5 | 5 6 Most Carried 6 | 6 6 Average Carried 4 | 3 4 Final Capacity 6 | 6 6 Final Carried 6 | 6 3 Class Distribution -------------------- 100% | Mutant Dominant Class ---------------- Mutant | -10/Materials Resources | -11 -10 ----------- Run | Scr Mat Matter Collected 299 | 162 137 Remotely . | . . Salvage Created 247 | 12 235 Parts 14 | 4 10 Haulers Intercepted . | . . Recyclers Shooed . | . . Parts Field Recycled . | . . Retrieved Matter . | . . Parts Self-Destructed . | . . Prevented . | . . Kills | -11 -10 ------- Run | Scr Mat Combat Hostiles Destroyed 7 | . 7 Guns 7 | . 7 Classes Destroyed 3 | 1 2 Tunneler 1 | 1 . Swarmer 3 | . 3 Grunt 4 | . 4 Best Kill Streak 4 | 1 4 Combat Bots Only 4 | . 4 Max Kills in Single Turn 2 | 1 2 Gunslinging 1 | . 1 Exploded . | . . Melee . | . . Uniques/NPCs Destroyed . | . . Combat | -11 -10 -------- Run | Scr Mat Damage Taken 920 | . 920 Core 253 | . 253 Absorbed by Shields . | . . Core Remaining (%) 100 | 100 . Volleys Fired 31 | 1 30 Largest 2 | 2 2 Hottest 105 | 60 105 Shots Fired 46 | 2 44 Gun 46 | 2 44 Cannon . | . . Launcher . | . . Special . | . . Kinetic 11 | 1 10 Thermal 19 | . 19 Explosive . | . . Electromagnetic 16 | 1 15 Robot Hit Streak 15 | 1 15 Robot Miss Streak 1 | 1 1 Penetration Max . | . . Secondary Targets 1 | . 1 Max Gunslinging Chain 1 | . 1 Shots Hit Robots 37 | 1 36 Core Hits 18 | 1 17 Critical Hits . | . . Critical Kills . | . . Critical Parts Destroyed . | . . Melee Attacks . | . . Impact . | . . Slashing . | . . Piercing . | . . Sneak Attacks . | . . Combat Hostiles . | . . Follow-up Attacks . | . . Damage Inflicted 422 | 10 412 Guns 401 | 10 391 Cannons . | . . Explosions . | . . Melee . | . . Ramming 21 | . 21 Kinetic 51 | 10 41 Thermal 234 | . 234 Explosive . | . . Electromagnetic 116 | . 116 Impact . | . . Slashing . | . . Piercing . | . . Highest Corruption . | . . Average Corruption . | . . Corruption Purged . | . . Overload Shots . | . . Overflow Damage . | . . Projectiles . | . . Explosions . | . . Melee . | . . Knockbacks . | . . Impact . | . . Kinetic . | . . Secondary . | . . Self-Inflicted Damage 5 | . 5 Shots . | . . Rammed 6 | . 6 Targets Rammed 11 | . 11 Kicked 5 | . 5 Crushed . | . . Highest Temperature 451 | 20 451 Average Temperature 137 | 15 139 Received Heat Transfer 447 | . 447 Effects 2 | . 2 Energy Bleed 2 | . 2 Siege Activations . | . . Robots Corrupted . | . . Combat Hostiles . | . . Parts Fried 1 | . 1 Impact Corruptions . | . . Robots Melted . | . . Combat Hostiles . | . . Parts Melted 1 | . 1 Heat Transferred 582 | . 582 Parts Sabotaged . | . . Parts Stolen . | . . Parts Stripped . | . . Power Chain Reactions . | . . Missiles Intercepted . | . . Alert | -11 -10 ------- Run | Scr Mat Peak Influence 138 | 5 138 Average Influence 53 | 1 73 Maximum Alert Level . | . . Low Security (%) 100 | 100 100 Level 1 . | . . Level 2 . | . . Level 3 . | . . Level 4 . | . . Level 5 . | . . High Security . | . . Max Security . | . . Squads Dispatched 1 | . 1 Investigation . | . . Extermination . | . . Reinforcement 1 | . 1 Assault . | . . Garrison . | . . Intercept . | . . Construction Impeded . | . . Haulers Reinforced . | . . Stealth | -11 -10 --------- Run | Scr Mat Distress Signals 1 | . 1 Communications Jammed . | . . Distress Signals . | . . Times Spotted 12 | . 12 Peak Tracking Total 7 | . 7 Tactical Retreats . | . . Traps | -11 -10 ------- Run | Scr Mat Traps Triggered . | . . Indirectly . | . . Trap Hack Attempts . | . . Triggered . | . . Disarmed . | . . Reprogrammed . | . . Reused . | . . Traps Extracted . | . . Installed . | . . Triggered . | . . Machines | -11 -10 ---------- Run | Scr Mat Machines Disabled . | . . Max in Single Turn . | . . Machines Sabotaged . | . . Garrisons Compromised . | . . Overloaded Fab Kills . | . . Fab Network Shutdowns . | . . Hacking | -11 -10 --------- Run | Scr Mat Machines Accessed 1 | . 1 Terminals 1 | . 1 Fabricators . | . . Repair Stations . | . . Recycling Units . | . . Scanalyzers . | . . Garrison Access . | . . Total Hacks 5 | . 5 Successful 2 | . 2 Failed 3 | . 3 Catastrophic . | . . Database Lockouts . | . . Manual . | . . Terminals 5 | . 5 Fabricators . | . . Repair Stations . | . . Recycling Units . | . . Scanalyzers . | . . Garrison Access . | . . Terminal Hacks 2 | . 2 Alert Level 1 | . 1 Zone Layout 1 | . 1 Fabricator Hacks . | . . Repair Station Hacks . | . . Recycling Unit Hacks . | . . Scanalyzer . | . . Garrison Access Hacks . | . . Unauthorized Hacks . | . . Terminals . | . . Fabricators . | . . Repair Stations . | . . Recycling Units . | . . Scanalyzers . | . . Garrison Access . | . . Data Cores Recovered . | . . Used . | . . Hacking Detections 1 | . 1 Full Trace Events 1 | . 1 Feedback Events . | . . Feedback Blocked . | . . Robot Schematics Acquired . | . . Robots Built . | . . Matter . | . . Time . | . . Total Robot Build Rating . | . . Part Schematics Acquired . | . . Parts Built . | . . Matter . | . . Time . | . . Total Part Build Rating . | . . Parts Repaired . | . . Time . | . . Parts Recycled . | . . Recycled Matter . | . . Retrieved Matter . | . . Retrieved Components . | . . Parts Scanalyzed . | . . Part Schematics Acquired . | . . Parts Damaged . | . . Bothacking | -11 -10 ------------ Run | Scr Mat Used RIF Installer . | . . Robots Hacked . | . . Non-combat . | . . Combat . | . . Robot Hacks Applied . | . . Relay Couplers Released . | . . Robots Rewired . | . . Allies Hacked . | . . Hacks Repelled . | . . Allies | -11 -10 -------- Run | Scr Mat Total Allies . | . . Largest Group . | . . Highest-Rated Group . | . . Highest-Rated Ally . | . . Total Orders . | . . Ally Attacks . | . . Total Damage . | . . Kills . | . . Allies Corrupted . | . . Allies Melted . | . . Intel | -11 -10 ------- Run | Scr Mat Robot Analysis Total . | . . Derelict Logs Recovered . | . . Drone Launches . | . . Drone Recoveries . | . . Exploration | -11 -10 ------------- Run | Scr Mat Turns Passed 296 | 81 215 Spaces Moved 140 | 49 91 Core 13 | 13 . Treads . | . . Legs 109 | 36 73 Wheels . | . . Hover 18 | . 18 Flight . | . . Fastest Speed 50 | 50 120 Average Speed 120 | 118 121 Slowest Speed 150 | 150 130 Overloaded Moves . | . . Propulsion Burnouts . | . . Robots Hopped . | . . Cave-ins Triggered . | . . Exploration Rate (%) 11 | 4 18 Regions Visited 1 Branch Regions . Pre-discovered Areas . | . . Known Exits Taken . | . . Unknown Exits Taken 1 | 1 . Scrap Searched . | . . Spaces Dug . | . . Terrain Destroyed . | . . Melee . | . . Projectile . | . . AOE . | . . Actions | -11 -10 --------- Run | Scr Mat Total 220 | 70 150 Wait 8 | 1 7 Move 139 | 48 91 Hop . | . . Pick Up 17 | 13 4 Fast Attach . | . . Attach 13 | 6 7 Detach . | . . Swap . | . . Drop 1 | 1 . Fire 31 | 1 30 Melee . | . . Ram . | . . Kick 11 | . 11 Crush . | . . Escape Stasis . | . . Rewire . | . . Trap . | . . Miscellaneous . | . . Route ------- -11/Scrapyard -10/Materials History --------- Turn | Location | Event 40 | -11/Scrapyard | Discovered new exit (range 15) 82 | -11/Scrapyard | Entered Materials 239 | -10/Materials | Core integrity fell below 50% 255 | -10/Materials | Core integrity fell below 20% 297 | -10/Materials | Destroyed by G-34 Mercenary with Small Laser Last Messages --------------- 00246_ Slammed into G-34 Mercenary. 00246_ Destabilizing: Core damaged (-12). 00247_ Acquired 18 matter. 00250_ Kicked G-34 Mercenary out of the way. 00251_ Slammed into G-34 Mercenary. 00252_ Kicked G-34 Mercenary out of the way. 00254_ Slammed into G-34 Mercenary. 00256_ Overheating: Energy bleed (-31). 00256_ Slammed into G-34 Mercenary. 00259_ Kicked G-34 Mercenary out of the way. 00263_ Acquired Hover Unit. 00268_ R-06 Scavenger collects Aluminum Leg. 00272_ Aluminum Leg destroyed. 00272_ Connecting with Terminal... 00272_ Current location identified: Materials >>Alert(Check) Current Alert Level: Low Security >>Layout(Zone) Retrieving Zone 1Z layout... Downloaded map data. Map ----- +----------------------------------------------------+ | | | | | | | | | | | | | | | | | | | | | | | | | | | | | | | ?????????????????????????????????????????? | | ?????????????????????????????????????????? | | ?????????????????????????????????????????? | | ?????????######??????????????????????????? | | ????######! #??????????##???????######?? | | ????# #?????????!!##??????# ?# | | ????# T #???????? !???????# # | | ?######/## #???????? ????????# """ # | | ?# ## ##??????? #?????????# """ # | | ?#" ## g######### +?????##### """ # | | ?#T """ ## g @ #?????# # """ # | | ?#" """ ## +?????# # # | | ?# """ ## #?????# # """ # | | ?#= %# #?????# # """ # | | ?# """%%+% #?????# # """ # | | ?# """% # #?????# + """ # | | ?# """ %# ot ######?????# # # | | ?# %%%######## #??????????# # # | | ?# %%%%#??????# #??????????# ######## | | ?#########??????# #??????????# | | ?????????######## ############ | | ?????????# | | ???####### ######## | | ???# * #??????? | | ???# ######+###############+#######??????? | | ???# # #???# = [= #???????? | | ?????????????????????# = """ #???????? | | ?????????????????????# """""#???????? | | ?????????????????????# """""#???????? | | ?????????????????????# """""????????? | | ?????????????????????# """ ????????? | | ?????????????????????# ??????????? | | ?????????????????????##########??????????? | | ?????????????????????????????????????????? | | ?????????????????????????????????????????? | +----------------------------------------------------+ Best States ------------- Heat Dissipation 25 Energy Generation 10 Energy Capacity 125 Matter Stores 300 Matter Capacity 300 Sight Range 16 Terrain Scan Density 10 Evasion (%) 40 Item Schematics ----------------- None Robot Schematics ------------------ None Fabricated ------------ Nothing Alien Tech Used ----------------- None Achievements -------------- None Challenges ------------ None Game ------ Seed AutogunSystemBeamcaster Manual? 0 Play Time 00:05:47 Cumulative 41.9 hours Start 2020.04.13 @ 18:31:13 End 2020.04.13 @ 18:35:17 Sessions 1 Manual Loads 0 Difficulty Rogue Special Mode None Game No. 108 Rogue 108 Adventurer 0 Explorer 0 Win Type - Total 0 Types 0/0/0/0/0/0/0 Lore% 24 Gallery% 42 Achievement% 27 Wizard Run 0 Options --------- ASCII 0 Keyboard 0 Movement Numpad Keybinds 0 Fullscreen 2 Font 18/SmallcapsGlow Map View 76x50 Tactical HUD 1 Map Filters NONE Filters NONE Steam 1 RUN: dfcb6b52-9175-4756-84cf-f5eaea806a63